General information
- name: BNet
- type: Ladder team game (AT/RT)
- host: Battle.net
- saver: matathemyra
map: HinterlandRaid
- players: 6
- length: 31:39
- speed: Fast
- version: 1.29 W3XP
- replay type:

» download(374 KB)
Players
team 1 (loser)
EkZz (
teal | 154 APM | 4859 actions | 31:27)
2 Archmage
1 Summon Water Elemental
1 Brilliance Aura
2 Mountain King
1 Storm Bolt
1 Bash
» actions
| Assign group hotkey | 79 | |
| Basic commands | 293 | |
| Build / train | 74 | |
| ESC pressed | 5 | |
| Enter build submenu | 25 | |
| Enter hero's abilities submenu | 4 | |
| Right click | 2053 | |
| Select / deselect | 690 | |
| Select group hotkey | 1459 | |
| Use ability | 177 | |
4859 total
» units
| Peasant | 16 | |
| Footman | 9 | |
| Spell Breaker | 4 | |
| Sorceress | 1 | |
| Priest | 4 | |
| Mortar Team | 7 | |
| Gryphon Rider | 7 | |
48 total
» upgrades
| Sorceress Training | 2 | |
| Long Rifles | 1 | |
| Armor | 3 | |
| Magic Sentry | 1 | |
| Fragmentation Shards | 1 | |
| Storm Hammers | 1 | |
| Gunpowder | 1 | |
10 total
» buildings
| Altar of Kings | 1 | |
| Farm | 15 | |
| Barracks | 1 | |
| Scout Tower | 1 | |
| Arcane Tower | 2 | |
| Lumber Mill | 1 | |
| Keep | 1 | |
| Arcane Vault | 1 | |
| Arcane Sanctum | 2 | |
| Town Hall | 1 | |
| Blacksmith | 1 | |
| Castle | 2 | |
| Workshop | 2 | |
| Gryphon Aviary | 2 | |
33 total
» build order
00:08 Altar of Kings
00:27 Farm
00:45 Barracks
01:16 Farm
01:44 Scout Tower
01:54 Farm
02:01 Farm
02:05 Farm
02:19 Arcane Tower
02:19 Arcane Tower
03:02 Lumber Mill
03:18 Farm
03:22 Keep
05:41 Arcane Vault
05:45 Arcane Sanctum
05:47 Arcane Sanctum
07:17 Town Hall
07:44 Farm
07:46 Farm
07:47 Farm
09:20 Blacksmith
09:33 Farm
09:58 Castle
09:58 Castle
10:33 Workshop
10:34 Workshop
12:25 Gryphon Aviary
12:28 Gryphon Aviary
16:35 Farm
16:35 Farm
16:37 Farm
20:30 Farm
20:31 Farm
» items
| Lesser Clarity Potion | 1 | |
| Scroll of Regeneration | 1 | |
2 total

»
El_Comandantee (
green | 76 APM | 2415 actions | 31:38)
3 Beastmaster
1 Summon Quilbeast
2 Summon Hawk
1 Naga Sea Witch
1 Frost Arrows
» actions
| Assign group hotkey | 63 | |
| Basic commands | 122 | |
| Build / train | 66 | |
| ESC pressed | 2 | |
| Enter build submenu | 17 | |
| Enter hero's abilities submenu | 4 | |
| Right click | 822 | |
| Select / deselect | 519 | |
| Select group hotkey | 739 | |
| Use ability | 61 | |
2415 total
» units
| Wisp | 20 | |
| Archer | 5 | |
| Huntress | 3 | |
| Glaive Thrower | 10 | |
| Dryad | 2 | |
| Druid of the Claw | 2 | |
| Mountain Giant | 5 | |
47 total
» upgrades
| Abolish Magic | 1 | |
| Druid of the Claw Training | 2 | |
| Strength of the Wild | 3 | |
| Hardened Skin | 1 | |
| Resistant Skin | 1 | |
| Reinforced Hides | 1 | |
| Vorpal Blades | 1 | |
| Mark of the Claw | 1 | |
11 total
» buildings
| Altar of Elders | 1 | |
| Moon Well | 8 | |
| Ancient of War | 1 | |
| Tree of Ages | 1 | |
| Hunter's Hall | 1 | |
| Ancient of Wonders | 1 | |
| Ancient of Lore | 2 | |
| Tree of Life | 1 | |
| Tree of Eternity | 1 | |
| Ancient of Wind | 1 | |
18 total
» build order
00:07 Altar of Elders
00:13 Moon Well
00:24 Ancient of War
01:43 Moon Well
02:59 Tree of Ages
03:17 Hunter's Hall
04:02 Moon Well
04:05 Ancient of Wonders
05:02 Moon Well
06:05 Ancient of Lore
07:32 Moon Well
08:20 Tree of Life
09:08 Ancient of Lore
10:00 Moon Well
11:02 Tree of Eternity
12:07 Moon Well
16:42 Ancient of Wind
18:10 Moon Well
EnemyAtTheGates (
purple | 51 APM | 1617 actions | 31:25)
1 Tauren Chieftain
1 Endurance Aura
1 Shadow Hunter
1 Healing Wave
1 Blademaster
1 Critical Strike
» actions
| Assign group hotkey | 54 | |
| Basic commands | 65 | |
| Build / train | 72 | |
| Enter build submenu | 23 | |
| Enter hero's abilities submenu | 3 | |
| Right click | 646 | |
| Select / deselect | 433 | |
| Select group hotkey | 303 | |
| Use ability | 18 | |
1617 total
» units
| Peon | 9 | |
| Grunt | 6 | |
| Troll Batrider | 43 | |
58 total
» upgrades
| Shaman Training | 1 | |
| Liquid Fire | 1 | |
| Ranged Weapons | 1 | |
| Armor | 1 | |
4 total
» buildings
| Altar of Storms | 1 | |
| Barracks | 1 | |
| Orc Burrow | 9 | |
| Stronghold | 1 | |
| Fortress | 1 | |
| Spirit Lodge | 1 | |
| War Mill | 1 | |
| Beastiary | 2 | |
| Voodoo Lounge | 1 | |
18 total
» build order
00:04 Altar of Storms
00:06 Barracks
00:11 Orc Burrow
02:01 Orc Burrow
04:29 Stronghold
05:26 Orc Burrow
06:51 Fortress
07:27 Orc Burrow
09:10 Spirit Lodge
11:14 Orc Burrow
11:57 War Mill
12:59 Beastiary
13:13 Orc Burrow
14:38 Voodoo Lounge
17:11 Beastiary
18:41 Orc Burrow
18:46 Orc Burrow
19:47 Orc Burrow
team 2 (winner)
iggy_the_fisk (
pink | 134 APM | 4246 actions | 31:39)
3 Archmage
2 Blizzard
1 Brilliance Aura
2 Blood Mage
1 Flame Strike
1 Siphon Mana
2 Pit Lord
1 Rain of Fire
1 Cleaving Attack
» actions
| Assign group hotkey | 276 | |
| Basic commands | 68 | |
| Build / train | 85 | |
| Enter build submenu | 64 | |
| Enter hero's abilities submenu | 8 | |
| Give item / drop item | 7 | |
| Right click | 1756 | |
| Select / deselect | 301 | |
| Select group hotkey | 1503 | |
| Use ability | 178 | |
4246 total
» units
» upgrades
» buildings
| Altar of Kings | 1 | |
| Farm | 3 | |
| Lumber Mill | 1 | |
| Scout Tower | 55 | |
| Arcane Tower | 8 | |
| Guard Tower | 31 | |
| Keep | 1 | |
| Arcane Vault | 2 | |
| Castle | 1 | |
| Arcane Sanctum | 1 | |
104 total
» build order
00:03 Altar of Kings
00:18 Farm
00:34 Lumber Mill
00:52 Scout Tower
00:55 Scout Tower
01:08 Farm
01:19 Arcane Tower
01:20 Arcane Tower
01:45 Guard Tower
01:49 Scout Tower
02:14 Guard Tower
02:17 Scout Tower
02:18 Scout Tower
03:11 Guard Tower
03:11 Guard Tower
03:12 Scout Tower
03:43 Guard Tower
03:47 Scout Tower
03:51 Scout Tower
03:53 Keep
04:34 Arcane Vault
04:35 Guard Tower
04:40 Guard Tower
04:41 Scout Tower
04:42 Scout Tower
04:54 Farm
05:47 Guard Tower
05:49 Scout Tower
05:52 Scout Tower
05:52 Scout Tower
05:58 Scout Tower
05:59 Scout Tower
06:32 Scout Tower
06:33 Scout Tower
06:34 Scout Tower
06:34 Scout Tower
06:35 Arcane Tower
06:42 Arcane Tower
07:07 Castle
07:12 Arcane Tower
07:12 Guard Tower
07:22 Scout Tower
07:22 Scout Tower
07:24 Arcane Tower
07:25 Guard Tower
07:34 Guard Tower
07:39 Arcane Sanctum
08:50 Guard Tower
09:10 Scout Tower
09:13 Scout Tower
09:15 Scout Tower
09:15 Scout Tower
09:17 Scout Tower
09:17 Scout Tower
09:18 Scout Tower
09:42 Guard Tower
10:25 Guard Tower
10:33 Arcane Vault
10:43 Guard Tower
11:44 Scout Tower
11:45 Guard Tower
11:59 Scout Tower
12:20 Guard Tower
12:23 Scout Tower
12:24 Scout Tower
12:25 Scout Tower
12:28 Scout Tower
12:36 Arcane Tower
12:51 Scout Tower
12:52 Scout Tower
13:24 Guard Tower
13:27 Scout Tower
13:28 Scout Tower
13:38 Scout Tower
13:51 Guard Tower
13:55 Scout Tower
13:56 Scout Tower
14:29 Guard Tower
14:41 Scout Tower
14:42 Scout Tower
15:05 Guard Tower
15:06 Scout Tower
15:07 Scout Tower
15:24 Guard Tower
15:39 Guard Tower
15:41 Scout Tower
15:42 Scout Tower
16:00 Arcane Tower
16:01 Guard Tower
16:39 Scout Tower
16:41 Scout Tower
16:41 Scout Tower
16:44 Guard Tower
16:53 Scout Tower
18:12 Guard Tower
20:21 Guard Tower
23:18 Scout Tower
24:04 Guard Tower
26:09 Scout Tower
26:10 Scout Tower
26:11 Scout Tower
26:59 Guard Tower
27:15 Guard Tower
27:50 Guard Tower
» items
| Scroll of Regeneration | 1 | |
| Mechanical Critter | 2 | |
| Boots of Speed | 2 | |
| Staff of Teleportation | 3 | |
| Circlet of Nobility | 3 | |
| Periapt of Vitality | 3 | |
| Staff of Sanctuary | 2 | |
| Orb of Venom | 3 | |
19 total
matathemyra (
red | 145 APM | 4597 actions | 31:39)
3 Archmage
2 Blizzard
1 Brilliance Aura
3 Mountain King
2 Storm Bolt
1 Bash
2 Paladin
1 Holy Light
1 Divine Shield
» actions
| Assign group hotkey | 200 | |
| Basic commands | 6 | |
| Build / train | 82 | |
| ESC pressed | 2 | |
| Enter build submenu | 39 | |
| Enter hero's abilities submenu | 9 | |
| Give item / drop item | 1 | |
| Right click | 2489 | |
| Select / deselect | 970 | |
| Select group hotkey | 625 | |
| Use ability | 174 | |
4597 total
» units
| Peasant | 11 | |
| Furbolg Shaman | 1 | |
| Priest | 2 | |
14 total
» upgrades
| Masonry | 3 | |
| Priest Training | 2 | |
| Magic Sentry | 1 | |
6 total
» buildings
| Altar of Kings | 1 | |
| Farm | 6 | |
| Lumber Mill | 1 | |
| Scout Tower | 27 | |
| Arcane Tower | 4 | |
| Guard Tower | 30 | |
| Keep | 1 | |
| Arcane Sanctum | 1 | |
| Arcane Vault | 1 | |
| Castle | 2 | |
74 total
» build order
00:04 Altar of Kings
00:33 Farm
00:42 Lumber Mill
01:02 Scout Tower
01:15 Scout Tower
01:30 Arcane Tower
01:31 Arcane Tower
01:34 Scout Tower
01:52 Farm
02:04 Arcane Tower
02:04 Arcane Tower
02:05 Guard Tower
02:06 Guard Tower
02:16 Scout Tower
02:17 Scout Tower
02:48 Guard Tower
02:48 Guard Tower
03:17 Keep
03:22 Scout Tower
03:25 Scout Tower
03:28 Scout Tower
03:29 Scout Tower
03:57 Guard Tower
03:58 Guard Tower
04:20 Guard Tower
04:20 Guard Tower
04:21 Scout Tower
04:22 Scout Tower
04:24 Scout Tower
05:35 Guard Tower
05:35 Guard Tower
05:37 Scout Tower
05:40 Scout Tower
05:57 Arcane Sanctum
06:06 Farm
06:08 Guard Tower
06:09 Guard Tower
06:14 Scout Tower
06:17 Scout Tower
06:58 Arcane Vault
07:19 Guard Tower
07:19 Guard Tower
07:21 Scout Tower
07:26 Scout Tower
08:11 Guard Tower
08:11 Guard Tower
08:30 Castle
08:31 Castle
09:01 Farm
09:05 Farm
09:09 Guard Tower
09:10 Guard Tower
09:11 Scout Tower
09:12 Scout Tower
10:16 Guard Tower
10:16 Guard Tower
10:17 Scout Tower
10:43 Farm
10:48 Guard Tower
12:07 Scout Tower
12:08 Scout Tower
12:11 Scout Tower
13:11 Guard Tower
13:28 Guard Tower
13:28 Guard Tower
13:30 Scout Tower
13:35 Scout Tower
14:15 Guard Tower
14:15 Guard Tower
14:28 Guard Tower
14:28 Guard Tower
14:29 Scout Tower
15:57 Guard Tower
15:57 Guard Tower
» items
| Staff of Teleportation | 3 | |
| Staff of Sanctuary | 4 | |
| Boots of Speed | 1 | |
| Orb of Fire | 1 | |
9 total
timg4strok (
yellow | 162 APM | 5116 actions | 31:39)
4 Pandaren Brewmaster
2 Breath of Fire
2 Drunken Brawler
3 Keeper of the Grove
2 Entangling Roots
1 Thorns Aura
» actions
| Assign group hotkey | 6 | |
| Basic commands | 43 | |
| Build / train | 55 | |
| ESC pressed | 2 | |
| Enter build submenu | 28 | |
| Enter hero's abilities submenu | 9 | |
| Give item / drop item | 4 | |
| Right click | 2893 | |
| Select / deselect | 210 | |
| Select group hotkey | 1709 | |
| Use ability | 157 | |
5116 total
» units
» upgrades
| Ultravision | 1 | |
| Well Spring | 1 | |
| Strength of the Wild | 1 | |
3 total
» buildings
| Moon Well | 22 | |
| Altar of Elders | 1 | |
| Tree of Life | 2 | |
| Tree of Ages | 2 | |
| Hunter's Hall | 1 | |
| Tree of Eternity | 1 | |
| Ancient of Wonders | 1 | |
30 total
» build order
00:06 Moon Well
00:43 Altar of Elders
01:06 Moon Well
02:41 Moon Well
02:50 Moon Well
03:38 Tree of Life
04:15 Tree of Life
04:37 Tree of Ages
04:37 Tree of Ages
05:00 Hunter's Hall
05:48 Moon Well
05:49 Moon Well
06:59 Tree of Eternity
07:04 Moon Well
07:22 Ancient of Wonders
08:14 Moon Well
08:14 Moon Well
08:32 Moon Well
08:33 Moon Well
11:19 Moon Well
11:25 Moon Well
13:42 Moon Well
13:49 Moon Well
13:50 Moon Well
18:46 Moon Well
20:36 Moon Well
20:37 Moon Well
26:26 Moon Well
29:47 Moon Well
29:48 Moon Well
» items
| Staff of Teleportation | 2 | |
| Boots of Speed | 3 | |
| Orb of Venom | 4 | |
| Staff of Sanctuary | 3 | |
| Periapt of Vitality | 1 | |
13 total
Chat log
(25:38 / All) iggy_the_fisk: bye bats
(29:30 / All) iggy_the_fisk: Night elf
(29:31 / All) iggy_the_fisk: noob?
(30:04 / All) EkZz: is this pro gaming ?
(30:10 / All) iggy_the_fisk: yes
(30:11 / All) timg4strok: you tell me
(30:14 / All) iggy_the_fisk: www.highper.ch
(30:18 / All) EkZz: nope it is idiotic gaming
(30:28 / All) iggy_the_fisk: true
(30:30 / All) iggy_the_fisk: you are very dumb
(30:54 / All) EkZz: and you are pro ?
(31:00 / All) timg4strok: i am pro you are no
(31:23 / All) iggy_the_fisk: watch me kill your naga
(31:26 / All) iggy_the_fisk: with tri nerd hero
(31:30 / All) timg4strok: seey
(31:32 / Allies) timg4strok: a